 Dungeon Crawl Stone Soup version 0.23.2-1-ga50397a (webtiles) character file.

Game seed: 13126134066921843978

3 MalarOregon the Sneak (level 1, 0/17 HPs)
             Began as a Ghoul Assassin on June 2, 2019.
             Slain by a goblin (4 damage)
             ... on level 1 of the Dungeon.
             The game lasted 00:00:20 (37 turns).

MalarOregon the Sneak (Ghoul Assassin)                Turns: 37, Time: 00:00:22

Health: 0/17       AC:  3    Str: 14    XL:     1   Next: 50%
Magic:  0/0        EV: 11    Int:  6    God:
Gold:   0          SH:  0    Dex: 10    Spells: 0/0 levels left

rFire    . . .     SeeInvis .   a - +2 dagger
rCold    + . .     Gourm    .   (no shield)
rNeg     + + +     Faith    .   c - +0 robe
rPois    ∞         Spirit   .   (no helmet)
rElec    .         Reflect  .   d - +0 cloak
rCorr    .         Harm     .   (no gloves)
MR       .....                  (no boots)
Stlth    ++........             (no amulet)
HPRegen  0.00/turn              (no ring)
MPRegen  0.07/turn              (no ring)

@: rotting
A: rotting body, claws 1, carnivore, cold resistance 1, negative energy
resistance 3, inhibited regeneration, torment resistance, unbreathing
a: no special abilities


You were on level 1 of the Dungeon.
You were not hungry.

You visited 1 branch of the dungeon, and saw 1 of its levels.

Inventory:

Hand Weapons
 a - a +2 dagger (weapon)
 b - a +0 blowgun
Missiles
 f - 2 curare-tipped needles {!f}
 g - 8 poisoned needles
Armour
 c - a +0 robe (worn)
 d - a +0 cloak (worn)
Comestibles
 e - a ration {!d}


   Skills:
 + Level 2.2 Fighting
 - Level 1.7 Short Blades
 - Level 1.7 Throwing
 + Level 1.0 Dodging
 + Level 4.4 Stealth
 + Level 0.2 Unarmed Combat


You couldn't memorise any spells.
You didn't know any spells.
Your spell library was empty.

Dungeon Overview and Level Annotations

Branches:
Dungeon (1/15)

Altars:


Innate Abilities, Weirdness & Mutations

Your body is rotting away.
You thrive on raw meat.
You are immune to poison.
You have sharp fingernails.
You are carnivorous and can eat meat at any time.
Your flesh is cold resistant. (rC+)
You are immune to negative energy. (rN+++)
You do not regenerate when monsters are visible.
You are immune to unholy pain and torment.
You can survive without breathing.


Message History

Things that are here:
14 stones; a spear; a hobgoblin corpse You butcher the hobgoblin corpse.
h - a chunk of flesh
Things that are here:
14 stones; a spear; a hobgoblin skeleton
Things that are here:
14 stones; a spear; a hobgoblin skeleton
There is a large open door here.
You see here a stone.
There is a large open door here.
You open the door.
There is an open door here.
You open the door. 2 goblins come into view.
The goblin shouts! x2
The goblin throws a stone.
The stone hits you but does no damage.
The goblin throws a stone.
The stone hits you but does no damage.
There are monsters nearby!
There are monsters nearby!
There are monsters nearby!
The goblin throws a stone.
The stone closely misses you.
The goblin throws a stone.
The stone closely misses you.
There is an open door here.
You see here 2 stones.
The goblin throws a stone.
The stone hits you. The goblin hits you.
* * * LOW HITPOINT WARNING * * *
You see here a stone.
Eat a chunk of flesh? (ye/n/q)
You eat the chunk of flesh.
This raw flesh tastes great!
The goblin barely misses you.
The goblin throws a stone.
The stone hits you but does no damage.
You are too injured to fight recklessly!
You are too injured to fight recklessly!
You are too injured to fight recklessly!
You are too injured to fight recklessly!
You are too injured to fight recklessly!
You are too injured to fight recklessly!
There are monsters nearby!
There are monsters nearby!
You closely miss the goblin. The goblin hits you.
* * * LOW HITPOINT WARNING * * *
The goblin throws a stone.
The stone closely misses you.
You hit the goblin. You barely miss the goblin.
The goblin hits you but does no damage.
The goblin throws a stone.
The stone misses you.
You hit the goblin.
You kill the goblin!
You hit the goblin. The goblin hits you.
You die...

#≈≈§((...≈§≈#
#...........#
######(######
####8'8#### #####
##.........###..≈##
##...........##..≈≈#
#............(#...≈#
.......<.....8(...≈+
#............##@g§≈#
##...........##(§≈§#
##.........###.§§##
###8#8+8### #####
###+###


You could see a goblin.

Vanquished Creatures
  2 hobgoblins (D:1)
  A goblin (D:1)
3 creatures vanquished.

Notes
Turn   | Place    | Note
-------+----------+-------------------------------------------
     0 | D:1      | MalarOregon the Ghoul Assassin began the quest for the Orb.
     0 | D:1      | Reached XP level 1. HP: 17/17 MP: 0/0
    16 | D:1      | Reached skill level 1 in Dodging
    37 | D:1      | Slain by a goblin

Skill      XL: |  1 |
---------------+----+-----
Dodging        | 1 |  1.0
Fighting       | |  2.2
Short Blades   | |  1.7
Throwing       | |  1.7
Stealth        | |  4.4
Unarmed Combat | |  0.2

Action                   || total
-------------------------++-------
Melee: Dagger            ||    15
  Eat: Chunk             ||     1
Armor: Robe              ||     6
Dodge: Dodged            ||    10
